 Dungeon Crawl Stone Soup version 0.30-a0-782-ge64f9170bb (webtiles) character file.

Game seed: 8906549649062614867

651 tilp the Slasher (level 8, -26/68 HPs)
             Began as a Meteoran Fighter on Feb 21, 2023.
             Annihilated by an ogre
             ... wielding a +0 giant spiked club
              (30 damage)
             ... on level 5 of the Dungeon.
             The game lasted 00:09:46 (2333 turns).

tilp the Slasher (Meteoran Fighter)                 Turns: 2333, Time: 00:09:47

Health: -26/68     AC:  5    Str: 17    XL:     8   Next: 10%
Magic:  9/9        EV: 10    Int: 10    God:
Gold:   80         SH:  5    Dex: 16    Spells: 7/7 levels left

rFire   . . .      SeeInvis .    a - +0 long sword
rCold   . . .      Faith    .    c - +0 buckler
rNeg    . . .      Spirit   .    g - +0 scale mail
rPois   .          Reflect  .    j - +0 helmet
rElec   .          Harm     .    (no cloak)
rCorr   .          Rampage  .    (no gloves)
Will    +....                    n - +0 pair of boots Stlth
                                 (no amulet)
HPRegen 0.31/turn                (no ring)
MPRegen 0.11/turn                (no ring)

@: corroded, glowing
A: sense surroundings 1, otherworldly, glowing, explore regen
a: no special abilities


You were on level 5 of the Dungeon.
You visited 1 branch of the dungeon, and saw 6 of its levels.

You collected 223 gold pieces.
You spent 143 gold pieces at shops.

Inventory:

Hand Weapons
 a - a +0 long sword (weapon)
 b - a +1 short sword of protection
Missiles
 f - 14 stones
 y - 2 boomerangs
 A - 5 poisoned darts (quivered)
Armour
 c - a +0 buckler (worn)
 g - a +0 scale mail (worn)
 j - a +0 helmet (worn)
 n - a +0 pair of boots (worn)
Jewellery
 t - an amulet of regeneration
Wands
 k - a wand of iceblast (3)
Scrolls
 d - a scroll of enchant armour {unknown}
 l - 2 scrolls of acquirement {unknown}
 m - a scroll of noise {unknown}
 o - 4 scrolls of teleportation
 q - a scroll of fog {unknown}
 r - a scroll of amnesia {unknown}
 u - 2 scrolls of fear
 v - a scroll of silence {unknown}
 w - a scroll of torment {unknown}
 C - a scroll of poison {unknown}
Potions
 e - a potion of flight
 h - a potion of brilliance
 i - 4 potions of attraction
 p - a potion of berserk rage
 s - a potion of lignification
 x - a potion of mutation
 z - 2 potions of heal wounds
 B - a potion of curing {unknown}


   Skills:
 * Level 5.0 Fighting
 * Level 7.0 Long Blades
 + Level 2.1 Throwing
 - Level 4.0 Armour
 + Level 3.1 Dodging
 - Level 4.0 Shields
 + Level 2.1 Evocations


You had 7 spell levels left.
You didn't know any spells.
Your spell library was empty.

Dungeon Overview and Level Annotations

Branches:
Dungeon (6/15) Zot: 1197
 Temple: D:4-7

Altars:
Cheibriados
Nemelex Xobeh
Xom

Shops:
D:4 ?


Innate Abilities, Weirdness & Mutations

You passively map a small area around you.
You are easily found by Zot.
You glow in the dark.
You regain HP and MP as you explore.


Message History

There is an open door here.
C - a scroll labelled ZOERPHIZEHUC You open the door.
Found a scroll labelled KUOPTY VEILULO.
A jelly comes into view.
The jelly quivers.
The ogre shouts!
There is an open door here.
The ogre barely misses you.
You barely miss the ogre. The jelly closely misses you.
The ogre hits you with a +0 giant spiked club!!
There is an open door, spattered with blood here.
The ogre attacks as you move away! The ogre barely misses you.
The jelly attacks as you move away! The jelly hits you.
You are splashed with acid!
You hit the jelly. The acid corrodes you!
Your hands burn!
The jelly is lightly wounded.
The jelly barely misses you.
You slash the jelly!
Your hands burn!
The jelly is heavily wounded.
The jelly barely misses you.
You slash the jelly!
You kill the jelly!
The ogre hits you with a +0 giant spiked club!!
* * * LOW HITPOINT WARNING * * *
Your Long Blades skill increases to level 7!
Aiming: Iceblast
Press: ? - help, Shift-Dir - straight line, f - ogre
Aim: an ogre, wielding a +0 giant spiked club The mass of ice explodes!
The iceblast engulfs the ogre!
The ogre is moderately wounded.
Unknown command.
Unknown command.
Unknown command.
Aiming: Iceblast
Press: ? - help, Shift-Dir - straight line, p - ogre The mass of ice explodes!
The iceblast engulfs the ogre!
The ogre is almost dead.
The ogre hits you with a +0 giant spiked club!!
You die...

#........#..# ,
#+##
#..##.†..'..#,
....#
##'##+####..+ ,
.....
#..##...##..# ,
.....
#...........#
....
#...........#
....
#...........# *
#...........# ,
#....@O.....#,,
, , ,
#..####'#####..
#..#...........
,
#..#...........>
,
#..#.......?...
,
#..#...........
,
#..#....######+
#..#....# ,
#..#....# ,


You could see an ogre.

Vanquished Creatures
  Sigmund (D:5)
  A necrophage (D:5)
  A scorpion (D:5)
  A howler monkey (D:5)
  A jelly (D:5)
  2 hounds (D:5)
  2 iguanas (D:5)
  Robin (D:2)
  6 gnolls
  4 adders
  2 worms (D:3)
  3 dart slugs
  9 orcs
  3 ball pythons
  3 bats
  4 endoplasms
  A giant cockroach (D:3)
  9 hobgoblins
  4 kobolds
  A quokka (D:1)
  2 frilled lizards
  10 goblins
  5 rats
76 creatures vanquished.

Notes
Turn   | Place    | Note
-------+----------+-------------------------------------------
     0 | D:1      | tilp the Meteoran Fighter began the quest for the Orb.
     0 | D:1      | Reached XP level 1. HP: 19/19 MP: 2/2
   167 | D:1      | Reached XP level 2. HP: 19/26 MP: 3/3
   206 | D:2      | Reached skill level 3 in Long Blades
   218 | D:1      | Reached skill level 1 in Dodging
   252 | D:2      | Found a shimmering altar of Xom.
   306 | D:3      | Noticed Robin
   318 | D:3      | Reached XP level 3. HP: 28/31 MP: 4/4
   335 | D:2      | Killed Robin
   415 | D:3      | Reached XP level 4. HP: 10/40 MP: 5/5
   419 | D:3      | Reached skill level 4 in Long Blades
   466 | D:4      | Found a sparkling altar of Nemelex Xobeh.
   505 | D:4      | Found Midotank's Magic Scroll Boutique.
   509 | D:4      | Bought a scroll of identify for 26 gold pieces
   582 | D:3      | Reached XP level 5. HP: 35/46 MP: 6/6
   952 | D:3      | Reached skill level 5 in Long Blades
  1099 | D:4      | Bought a scroll of identify for 26 gold pieces
  1099 | D:4      | Bought a scroll of fear for 52 gold pieces
  1099 | D:4      | Bought a scroll of teleportation for 39 gold pieces
  1142 | D:4      | Reached XP level 6. HP: 4/52 MP: 7/7
  1209 | D:5      | Entered Level 5 of the Dungeon
  1210 | D:5      | Found a snail-covered altar of Cheibriados.
  1219 | D:5      | Reached skill level 6 in Long Blades
  1610 | D:5      | Noticed Sigmund
  1634 | D:5      | Killed Sigmund
  1635 | D:5      | Reached skill level 1 in Throwing
  1635 | D:5      | Reached skill level 1 in Evocations
  1635 | D:5      | Reached XP level 7. HP: 37/60 MP: 8/8
  2175 | D:5      | HP: 1/60 [ogre/+0 giant spiked club (11)]
  2185 | D:5      | HP: 3/60 [hound (2)]
  2187 | D:5      | Reached XP level 8. HP: 4/67 MP: 9/9
  2294 | D:5      | Reached skill level 5 in Fighting
  2330 | D:5      | HP: 3/68 [ogre/+0 giant spiked club (31)]
  2331 | D:5      | Reached skill level 7 in Long Blades
  2333 | D:5      | Annihilated by an ogre

Illustrated notes

Levels and vault maps discovered:
D:1:      matt_arrival_spirals, layout_rooms
D:2:      layout_basic, basic_altar
D:3:      layout_loops_ring, uniq_robin
D:4:      layout_loops_ring, nemelex_xobeh_ov_fountains_minmay, serial_shops,
          shop
D:5:      layout_gridville, kennysheep_little_box, kennysheep_slug_shrine,
          uniq_sigmund
D:6:      layout_layer_cave, lemuel_doored_altar, ebering_ghost_xom,
          uniq_duvessa

Skill      XL: |  1  2  3  4  5  6  7  8 |
---------------+-------------------------+-----
Long Blades    | 3 4 5 6 7 |  7.0
Dodging        | 1 2 3 |  3.1
Fighting       | 4 5 |  5.0
Throwing       | 1 2 |  2.1
Evocations     | 1 2 |  2.1
Armour         | 4 |  4.0
Shields        | 4 |  4.0

Action                     |  1- 3 |  4- 6 |  7- 9 || total
---------------------------+-------+-------+-------++-------
  Melee: Long sword        |    94 |   145 |    66 ||   305
  Throw: Stone             |     1 |       |       ||     1
  Evoke: Wand              |       |       |     3 ||     3
    Use: Potion            |     1 |     1 |       ||     2
         Scroll            |       |     5 |     6 ||    11
 Armour: Scale mail        |    36 |    58 |    33 ||   127
  Dodge: Dodged            |    32 |    50 |    24 ||   106
  Block: Buckler           |    20 |    36 |     8 ||    64

Table legend: (Time is in decaauts)
 A = Elapsed time spent in this place.
 B = Non-inter-level travel time spent in this place.
 C = Inter-level travel time spent in this place.
 D = Time resting spent in this place.
 E = Time spent auto-exploring this place.
 F = Levels seen in this place.
 G = Mean time per level.
                   A        B        C        D        E       F      G
               +--------+--------+--------+--------+--------+-----+--------+
         Total |   2401 |   2200 |    201 |      4 |     26 |   6 |  400.2 |
       Dungeon |   2401 |   2200 |    201 |      4 |     26 |   6 |  400.2 |
               +--------+--------+--------+--------+--------+-----+--------+

Top non-repeatable levels by time:
     D:5: 776 daAuts
     D:3: 660 daAuts
     D:4: 539 daAuts
     D:1: 274 daAuts
     D:2: 149 daAuts
     D:6: 1 daAuts
